 Dungeon Crawl Stone Soup version 0.31-a0-348-g810772c3d7 (webtiles) character file.

Game seed: 17383807912249501347

324 AdnanSaban the Cudgeller (level 6, -2/38 HPs)
             Began as a Gargoyle Fighter on July 22, 2023.
             Slain by an ufetubus (3 damage)
             ... on level 3 of the Dungeon.
             The game lasted 00:02:07 (3530 turns).

AdnanSaban the Cudgeller (Gargoyle Fighter)         Turns: 3530, Time: 00:02:08

Health: -2/38      AC: 11    Str: 21    XL:     6   Next: 48%
Magic:  6/6        EV:  9    Int:  9    God:
Gold:   110        SH:  4    Dex:  9    Spells: 5/5 levels left

rFire   . . .        a - +0 flail
rCold   . . .        c - +0 buckler
rNeg    + . .        b - +0 scale mail
rPois   ∞            (no helmet)
rElec   +            (no cloak)
rCorr   .            (no gloves)
SInv    +            (no boots)
Will    .....        (no amulet) Stlth
                     n - ring of see invisible
HPRegen 0.26/turn    (no ring)
MPRegen 0.10/turn

%: no passive effects
@: no status effects
A: sickness immunity, AC +4, negative energy resistance 1, electricity
resistance, torment resistance 1, petrification resistance
a: no special abilities


You were on level 3 of the Dungeon.
You visited 1 branch of the dungeon, and saw 4 of its levels.

You collected 110 gold pieces.

Inventory:

Hand Weapons
 a - a +0 flail (weapon)
Armour
 b - a +0 scale mail (worn)
 c - a +0 buckler (worn)
Jewellery
 l - a ring of wizardry
 m - an amulet of faith
 n - a ring of see invisible (left hand)
Wands
 w - a wand of charming (9)
Scrolls
 e - 5 scrolls of identify {unknown}
 f - a scroll of teleportation {unknown}
 g - 2 scrolls of blinking {unknown}
 h - a scroll of revelation {unknown}
 i - a scroll of immolation {unknown}
 j - a scroll of vulnerability {unknown}
 k - 3 scrolls of fog {unknown}
 o - a scroll of enchant armour {unknown}
 q - 2 scrolls of poison {unknown}
 r - a scroll of silence {unknown}
 t - a scroll of fear {unknown}
 x - a scroll of amnesia {unknown}
Potions
 d - a potion of might
 p - a potion of curing {unknown}
 s - a potion of haste {unknown}
 u - a potion of brilliance {unknown}
 v - a potion of degeneration {unknown}


   Skills:
 + Level 4.2 Fighting
 + Level 4.5 Maces & Flails
 + Level 4.4 Armour
 + Level 1.2 Dodging
 + Level 4.2 Shields


You had 5 spell levels left.
You didn't know any spells.
Your spell library contained the following spells:

 Spells                   Type           Power      Damage    Failure   Level
 Poisonous Vapours        Pois/Air       0%         N/A       89%         2
 Mephitic Cloud           Conj/Pois/Air  0%         N/A       98%         3
 Freezing Cloud           Conj/Ice/Air   0%         6-21      100%        5


Dungeon Overview and Level Annotations

Branches:
Dungeon (4/15)
 Temple: D:4-7

Altars:
Makhleb

Annotations:
D:2 1 runed translucent door, Crazy Yiuf


Innate Abilities, Weirdness & Mutations

You are immune to sickness and miasma.
Your stone body is resilient. (AC +4)
You are immune to poison.
You resist negative energy. (rN+)
You are resistant to electric shocks. (rElec)
You are resistant to unholy torment.
You are immune to petrification.


Message History

* * * LOW HITPOINT WARNING * * *
You sock Sigmund!
You kill Sigmund!
Your Maces & Flails skill increases to level 4!
Your Armour skill increases to level 4!
Your Dodging skill increases to level 1!
You have reached level 6!
An ogre and an ufetubus come into view.
The ogre shouts!
The ufetubus shouts!
An ogre opens the door.
Things that are here:
a +0 scythe; a +0 robe; the human corpse of Sigmund
There are monsters nearby!
You are too injured to fight recklessly!
You are too injured to fight recklessly!
You feel less confused.
There is a stone staircase leading up here.
The ufetubus barely misses you. You block the ufetubus's attack.
You block the ufetubus's attack. The ufetubus hits you.
You climb upwards.
There is a stone staircase leading down here.
You are too injured to fight recklessly!
You are too injured to fight recklessly!
You closely miss the ufetubus.
The ufetubus hits you but does no damage.
You block the ufetubus's attack. The ufetubus hits you.
* * * LOW HITPOINT WARNING * * *
The ufetubus hits you but does no damage.
You barely miss the ufetubus. The ufetubus hits you.
* * * LOW HITPOINT WARNING * * *
The ufetubus hits you but does no damage. x2
The ufetubus hits you.
* * * LOW HITPOINT WARNING * * *
You barely miss the ufetubus. The ufetubus barely misses you.
You block the ufetubus's attack. The ufetubus hits you.
* * * LOW HITPOINT WARNING * * *
The ufetubus hits you but does no damage.
You barely miss the ufetubus. You block the ufetubus's attack.
The ufetubus barely misses you. The ufetubus hits you.
You die...

#.#.############.#.......#
#.......# #.#.#####.#
#.#.###.### #.#.# #.#
..........# #.#.# #.#
###.###.#.# #.#.# #.#
....# #.#.######.#.#####.#
.#..# #.#.............##.#
.#..###.########.#.##.##.#
................@5.....#.#
.#...............#..#..#.#
..#.......#.........#..#.#
..##................#..#.#
..#######.#####..##.#..#.#
..#### #.#####..##.#..#.#
.....####........##.#..#.#
....................#..#.#
..................###..#.#


You could see an ufetubus.

Vanquished Creatures
  Sigmund (D:4)
  Natasha (thrice) (D:2)
  3 adders
  2 dart slugs
  8 endoplasms
  3 giant cockroaches (D:1)
  7 goblins
  5 hobgoblins
  3 jackals (D:2)
  4 kobolds
  A quokka (D:1)
  6 ball pythons (D:1)
  6 bats
  5 frilled lizards
  6 rats
63 creatures vanquished.

Notes
Turn   | Place    | Note
-------+----------+-------------------------------------------
     0 | D:1      | AdnanSaban the Gargoyle Fighter began the quest for the
                  | Orb.
     0 | D:1      | Reached XP level 1. HP: 14/14 MP: 1/1
   150 | D:1      | Reached XP level 2. HP: 19/19 MP: 2/2
   702 | D:1      | Reached XP level 3. HP: 23/24 MP: 3/3
  1297 | D:2      | Noticed Natasha
  1309 | D:2      | HP: 1/24 [Natasha/magic dart (3)]
  1310 | D:2      | Killed Natasha
  1311 | D:2      | Reached XP level 4. HP: 2/29 MP: 4/4
  1388 | D:2      | Noticed Natasha
  1394 | D:2      | Killed Natasha
  1527 | D:2      | Noticed Natasha
  1539 | D:2      | Killed Natasha
  1540 | D:2      | Reached XP level 5. HP: 33/33 MP: 5/5
  1897 | D:2      | Found a runed translucent door.
  1898 | D:2      | Noticed Crazy Yiuf
  3134 | D:3      | Found a burning altar of Makhleb.
  3134 | D:3      | Noticed a green death
  3137 | D:3      | Noticed a neqoxec
  3137 | D:3      | Noticed a neqoxec
  3501 | D:4      | Noticed Sigmund
  3516 | D:4      | Killed Sigmund
  3517 | D:4      | Reached skill level 1 in Dodging
  3517 | D:4      | Reached XP level 6. HP: 10/38 MP: 6/6
  3529 | D:3      | HP: 1/38 [ufetubus (2)]
  3530 | D:3      | Slain by an ufetubus

Illustrated notes

Levels and vault maps discovered:
D:1:      wander_arrival_peaceful_grave, layout_basic
D:2:      layout_basic, serial_glass, glass_columns_c, glass_columns_c,
          kennysheep_small_spiral, hangedman_decor_riveting,
          dreamdust_princess_bridge, corexii_item_surrounded_by_moat,
          minmay_split_cup_small, uniq_crazy_yiuf_cottage, uniq_natasha
D:3:      layout_basic, makhleb_altar_promises_db, chequers_serial_rivers_marsh
D:4:      minmay_clustersquares, layout_loops_ring, jmf_multi_god_temple,
          kennysheep_donut, uniq_sigmund

Skill      XL: |  1  2  3  4  5 |
---------------+----------------+-----
Maces & Flails | 3 4 |  4.5
Fighting       | 4 |  4.2
Shields        | 4 |  4.2
Armour         | 4 |  4.4
Dodging        | 1 |  1.2

Action                     |  1- 3 |  4- 6 || total
---------------------------+-------+-------++-------
  Melee: Flail             |   128 |    77 ||   205
 Armour: Scale mail        |    93 |    57 ||   150
  Dodge: Dodged            |    78 |    32 ||   110
  Block: Buckler           |    38 |    21 ||    59

Table legend: (Time is in decaauts)
 A = Elapsed time spent in this place.
 B = Non-inter-level travel time spent in this place.
 C = Inter-level travel time spent in this place.
 D = Time resting spent in this place.
 E = Time spent auto-exploring this place.
 F = Levels seen in this place.
 G = Mean time per level.
                   A        B        C        D        E       F      G
               +--------+--------+--------+--------+--------+-----+--------+
         Total |   3621 |   3513 |    108 |     90 |   2927 |   4 |  905.2 |
       Dungeon |   3621 |   3513 |    108 |     90 |   2927 |   4 |  905.2 |
               +--------+--------+--------+--------+--------+-----+--------+

Top non-repeatable levels by time:
     D:3: 1188 daAuts
     D:2: 1184 daAuts
     D:1: 1167 daAuts
     D:4: 81 daAuts
